 Dungeon Crawl Stone Soup version 0.19-a0-1740-g0bcaf2e (webtiles) character file.

1123 Amnesiac the Digger (level 8, -2/52 HPs)
             Began as a Vampire Earth Elementalist on Oct 1, 2016.
             Was an Initiate of Gozag.
             Slain by Crazy Yiuf
             ... wielding a +4 quarterstaff of chaos
              (3 damage)
             ... while paralysed by Crazy Yiuf
             ... on level 3 of the Dungeon.
             The game lasted 00:18:58 (8049 turns).

Amnesiac the Digger (Vampire Earth Elementalist)    Turns: 8049, Time: 00:18:58

Health: -2/52      AC:  4    Str:  7    XL:     8   Next: 13%
Magic:  9/12       EV:  2    Int: 19    God:    Gozag
Gold:   628        SH:  0    Dex: 17    Spells: 4 memorised, 1 level left

rFire  . . .     SeeInvis +     n - 234 stones
rCold  . . .     Gourm    .     c - +0 robe
rNeg   + . .     Faith    .     (no shield)
rPois  .         Spirit   .     y - +0 helmet
rElec  .         Dismiss  .     (no cloak)
rCorr  .         Reflect  .     k - +0 pair of gloves
MR     +....     Harm     .     (no boots)
Stlth  +++....... Rnd*Tele +    (no amulet)
                                (no ring)
                                A - ring of teleportation (curse)

@: paralysed
A: fangs 3, see invisible, clever 1, magic resistance 1, unbreathing
a: Bat Form, Potion Petition, Call Merchant, Bribe Branch, Renounce Religion


You were on level 3 of the Dungeon.
You worshipped Gozag.
Gozag was pleased with you.
You were not thirsty.

You visited 2 branches of the dungeon, and saw 7 of its levels.

You collected 740 gold pieces.
You paid 112 gold pieces to Gozag.

Inventory:

Hand Weapons
 h - a +0 dagger
 u - a +0 short sword of venom
Missiles
 n - 234 stones (in hand)
Armour
 c - a +0 robe (worn)
 f - a +0 buckler
 k - a +0 pair of gloves (worn)
 l - the +3 leather armour of the Tundras {rN+}
   (You found it on level 5 of the Dungeon)

   It protects you from negative energy.
 y - a +0 helmet (worn)
Jewellery
 A - a cursed ring of teleportation (left hand)
Wands
 g - a wand of enslavement (9/24)
 q - a wand of lightning (6/15)
Scrolls
 a - 4 scrolls of remove curse
 b - 2 scrolls of teleportation
 d - a scroll of noise {unknown}
 i - a scroll of magic mapping {unknown}
 m - 2 scrolls of fog
 o - a scroll of enchant weapon {unknown}
 s - 2 scrolls of identify
 t - a scroll of immolation {unknown}
 w - 2 scrolls of amnesia {unknown}
Potions
 p - a potion of berserk rage
 r - 2 potions of lignification
 x - a potion of brilliance
Books
 e - a book of Geomancy

   Spells                             Type                      Level
   a - Sandblast                      Earth                        1
   b - Passwall                       Transmutation/Earth          2
   c - Stone Arrow                    Conjuration/Earth            3
   d - Petrify                        Transmutation/Earth          4
   e - Lee's Rapid Deconstruction     Earth                        5


   Skills:
 - Level 4.0 Short Blades
 - Level 2.1 Dodging
 - Level 4.0 Stealth
 * Level 3.1 Spellcasting
 - Level 4.0 Transmutations
 + Level 7.9 Earth Magic


You had one spell level left.
You knew the following spells:

 Your Spells              Type           Power        Failure   Level  Hunger
a - Lee's Rapid Deconstr  Erth           ####......   17%         5    ######.
e - Petrify               Tmut/Erth      ####....     14%         4    ####...
f - Sandblast             Erth           ####..       1%          1    None
v - Passwall              Tmut/Erth      ####......   1%          2    ##.....


Dungeon Overview and Level Annotations

Branches:
Dungeon (6/15)             Temple (1/1) D:5

Altars:
Ashenzari
Cheibriados
Dithmenos
Elyvilon
Fedhas
Gozag
Hepliaklqana
Makhleb
Nemelex Xobeh
Okawaru
Ru
Uskayaw
Xom
Yredelemnul

Shops:
D:4 (

Annotations:
D:3 Crazy Yiuf
D:4 Pikel


Innate Abilities, Weirdness & Mutations

You have razor-sharp teeth.
You have supernaturally acute eyesight. (SInv)
You can survive without breathing.
Your mind is acute. (Int +2)
You are resistant to hostile enchantments. (MR+)


Message History

Aim: Crazy Yiuf, wielding a quarterstaff of chaos and wearing an embroidered cloak The rocky blast hits Crazy Yiuf.
Crazy Yiuf is lightly wounded.
Crazy Yiuf yells, "Iron!
Candle down tea."
Casting: Sandblast
Confirm with . or Enter, or press ? or * to list all spells.
Aiming: Sandblast
Press: ? - help, Shift-Dir - straight line, f/p - Crazy Yiuf
Aim: Crazy Yiuf, wielding a quarterstaff of chaos and wearing an embroidered cloak (lightly wounded)
The rocky blast hits Crazy Yiuf.
Crazy Yiuf is severely wounded.
Crazy Yiuf hits you with a quarterstaff of chaos.
You suddenly lose the ability to move!
Crazy Yiuf hits you with a quarterstaff of chaos! x2
Crazy Yiuf freezes you.
Crazy Yiuf hits you with a quarterstaff of chaos!
* * * LOW HITPOINT WARNING * * *
Crazy Yiuf freezes you.
You die...
Your body crumbles into a pile of gold.

##...........(.##.# #.#
####<......######## ###
........#### #.......#
##### #.###...# #..)#
#.##....# #...# #.##.#[.#
... #.##.#..# #g# ##
.....#..### ♣♣@♣ #.
..........## ♣.♣♣
#########p )..........#
♣♣.♣ #..>......
.#####..#.## ♣.♣♣
#.#######. .# #.....#
♣♣.♣♣ #.# #. .# ##....#
♣...♣♣ ###.#######. .#
#....# ♣....♣ #....%...##.
## ##...# #....#
#...........
##.####....###########.###


You could see Crazy Yiuf.

Vanquished Creatures
  An ice beast (D:5)
  A slave (D:3)
  2 ogres (D:5)
  A phantom (D:6)
  A centaur (D:6)
  A water moccasin skeleton (D:6)
  2 scorpions
  A centaur skeleton (D:4)
  3 hounds
  A gnoll shaman (D:4)
  2 orc wizards
  An iguana (D:4)
  A worker ant (D:5)
  A hound skeleton (D:3)
  A howler monkey skeleton (D:4)
  5 gnolls
  11 adders
  A shadow imp (D:3)
  2 oozes
  An adder zombie (D:5)
  2 worms (D:4)
  4 dart slugs
  5 leopard geckos
  10 orcs
  5 giant cockroaches
  7 hobgoblins
  6 kobolds
  4 ball pythons
  11 bats
  6 frilled lizards
  10 goblins
  A jackal skeleton (D:4)
  4 rats
115 creatures vanquished.

Notes
Turn   | Place    | Note
-------+----------+-------------------------------------------
     0 | D:1      | Amnesiac the Vampire Earth Elementalist began the quest for the Orb.
     0 | D:1      | Reached XP level 1. HP: 13/13 MP: 3/3
     6 | D:1      | Noticed a swamp worm
     6 | D:1      | Noticed a komodo dragon
     6 | D:1      | Noticed a polar bear
     6 | D:1      | Noticed a black mamba
     6 | D:1      | Noticed a hound
    32 | D:2      | Reached XP level 2. HP: 19/19 MP: 1/5
    36 | D:2      | Learned a level 2 spell: Passwall
   273 | D:2      | Reached XP level 3. HP: 24/24 MP: 1/7
   386 | D:2      | Found an iron altar of Okawaru.
   387 | D:2      | Found a sparkling altar of Nemelex Xobeh.
   390 | D:2      | Found a sacrificial altar of Ru.
   390 | D:2      | Found a white marble altar of Elyvilon.
   565 | D:4      | Noticed a slave
   613 | D:4      | Noticed a scorpion
   617 | D:4      | Killed a scorpion
   617 | D:4      | Reached XP level 4. HP: 30/30 MP: 3/8
   623 | D:4      | Learned a level 4 spell: Petrify
   926 | D:4      | Found Apnuricveg's Weapon Emporium.
  1090 | D:4      | Reached XP level 5. HP: 35/35 MP: 4/9
  1169 | D:4      | Reached skill level 4 in Earth Magic
  1971 | D:3      | Reached skill level 5 in Earth Magic
  1981 | D:4      | Reached XP level 6. HP: 38/41 MP: 5/10
  2717 | D:4      | Noticed a slave
  2913 | D:4      | Noticed a slave
  2914 | D:4      | Noticed a slave
  2915 | D:4      | Noticed Pikel
  2993 | D:5      | Entered Level 5 of the Dungeon
  3721 | D:5      | Got an opal-encrusted leather armour
  3729 | D:5      | Noticed an ice beast
  3947 | D:5      | Killed an ice beast
  3947 | D:5      | Reached skill level 6 in Earth Magic
  3979 | D:5      | Reached XP level 7. HP: 46/46 MP: 6/11
  4344 | D:6      | Reached skill level 7 in Earth Magic
  4448 | D:6      | Reached skill level 1 in Short Blades
  5306 | D:5      | Found a staircase to the Ecumenical Temple.
  5316 | Temple   | Entered the Ecumenical Temple
  5345 | Temple   | Became a worshipper of Gozag Ym Sagoz the Greedy
  6026 | D:1      | Learned a level 5 spell: Lee's Rapid Deconstruction
  6703 | D:2      | Reached XP level 8. HP: 52/52 MP: 12/12
  6971 | D:2      | Identified the +3 leather armour of the Tundras {rN+} (You found it on level 5 of the Dungeon)
  7504 | D:4      | Gained mutation: Your mind is acute. (Int +2) [potion of beneficial mutation]
  7505 | D:4      | Gained mutation: You are resistant to hostile enchantments. (MR+) [potion of beneficial mutation]
  7943 | D:3      | Found a runed door.
  8043 | D:3      | Noticed Crazy Yiuf
  8046 | D:3      | Paralysed by Crazy Yiuf for 6 turns
  8049 | D:3      | HP: 1/52 [Crazy Yiuf/quarterstaff of chaos (17)]
  8049 | D:3      | Slain by Crazy Yiuf

Vault maps used:
D:1:      onia_arrival_zoo_common
D:2:      grunt_temple_overflow_open, bh_walls_and_bars
D:3:      uniq_crazy_yiuf_cottage
D:4:      serial_shops, shop, minmay_misc_feat_chi, uniq_pikel
D:5:      first_bread, makhleb_blood_cavern_becter
D:6:      grunt_temple_overflow_magic_moments, st_stairs_3
Temple:   eino_narrow_crystal_temple

Skill      XL: |  1  2  3  4  5  6  7 |
---------------+----------------------+-----
Spellcasting   | 3 |  3.1
Transmutations | 2 3 4 |  4.0
Earth Magic    | 5 6 7 |  7.9
Short Blades   | 4 |  4.0
Stealth        | 4 |  4.0
Dodging        | |  2.1

Action                   |  1- 3 |  4- 6 |  7- 9 || total
-------------------------+-------+-------+-------++-------
Melee: Dagger            |       |    39 |    24 ||    63
       Unarmed           |       |     4 |       ||     4
       Bite              |       |     3 |     9 ||    12
       Short sword       |       |       |   115 ||   115
 Cast: Sandblast         |    30 |    48 |    47 ||   125
       Petrify           |       |    13 |    23 ||    36
       Passwall          |       |     1 |     4 ||     5
 Abil: End Transformatio |       |     6 |     2 ||     8
       Bat Form          |       |     6 |     2 ||     8
  Use: Potion            |       |     6 |    16 ||    22
       Scroll            |       |     7 |     3 ||    10
 Stab: Petrified         |       |    15 |    17 ||    32
       Sleeping          |       |     3 |    16 ||    19
       Petrifying        |       |     1 |     1 ||     2
       Distracted        |       |       |     1 ||     1
Armor: Robe              |       |    13 |    35 ||    48
Dodge: Dodged            |     9 |    44 |   110 ||   163
